Workbook

Sheet Level 4
F2: Legend
F3: Blue = Input
F4: Black = Output/Calculation
F5: New to Level 4
F6: Analysis Start Date | G6: 44197
B7: APPRAISAL | M7: CASH FLOW
B9: Accomodation Schedule | G9: Accomodation Schedule (Part V) | O9: Year | P9: 0 | Q9: 1 | R9: 1 | S9: 1 | T9: 1 | U9: 1 | V9: 1 | W9: 1 | X9: 1 | Y9: 1 | Z9: 1 | AA9: 1 | AB9: 1 | AC9: 2 | AD9: 2 | AE9: 2 | AF9: 2 | AG9: 2 | AH9: 2 | AI9: 2 | AJ9: 2 | AK9: 2 | AL9: 2 | AM9: 2 | AN9: 2 | AO9: 3 | AP9: 3 | AQ9: 3 | AR9: 3 | AS9: 3 | AT9: 3 | AU9: 3 | AV9: 3 | AW9: 3 | AX9: 3 | AY9: 3 | AZ9: 3 | BA9: 4 | BB9: 4 | BC9: 4 | BD9: 4 | BE9: 4 | BF9: 4 | BG9: 4 | BH9: 4 | BI9: 4 | BJ9: 4 | BK9: 4 | BL9: 4 | BM9: 5 | BN9: 5 | BO9: 5 | BP9: 5 | BQ9: 5 | BR9: 5 | BS9: 5 | BT9: 5 | BU9: 5 | BV9: 5 | BW9: 5 | BX9: 5 | BY9: 6 | BZ9: 6 | CA9: 6 | CB9: 6 | CC9: 6 | CD9: 6 | CE9: 6 | CF9: 6 | CG9: 6 | CH9: 6 | CI9: 6 | CJ9: 6 | CK9: 7 | CL9: 7 | CM9: 7 | CN9: 7 | CO9: 7 | CP9: 7 | CQ9: 7 | CR9: 7 | CS9: 7 | CT9: 7 | CU9: 7 | CV9: 7 | CW9: 8 | CX9: 8 | CY9: 8 | CZ9: 8 | DA9: 8 | DB9: 8 | DC9: 8 | DD9: 8 | DE9: 8 | DF9: 8 | DG9: 8 | DH9: 8 | DI9: 9 | DJ9: 9 | DK9: 9 | DL9: 9 | DM9: 9 | DN9: 9 | DO9: 9 | DP9: 9 | DQ9: 9 | DR9: 9 | DS9: 9 | DT9: 9 | DU9: 10 | DV9: 10 | DW9: 10 | DX9: 10 | DY9: 10 | DZ9: 10 | EA9: 10 | EB9: 10 | EC9: 10 | ED9: 10 | EE9: 10 | EF9: 10
O10: Month | P10: 0 | Q10: =P10+1 -> 1 | R10: =Q10+1 -> 2 | S10: =R10+1 -> 3 | T10: =S10+1 -> 4 | U10: =T10+1 -> 5 | V10: =U10+1 -> 6 | W10: =V10+1 -> 7 | X10: =W10+1 -> 8 | ... EF10: =EE10+1 -> 120
B11: Apartment Type | C11: # units | D11: Rent p/m | E11: Sqft NIA | G11: Apartment Type | H11: # units | I11: Rent p/m | J11: Sqft NIA | O11: Rental Growth | P11: 0 | Q11: =IF(Q9>P9,1+$H$32*(Q9-1),P11) -> 1 | R11: =IF(R9>Q9,1+$H$32*(R9-1),Q11) -> 1 | S11: =IF(S9>R9,1+$H$32*(S9-1),R11) -> 1 | T11: =IF(T9>S9,1+$H$32*(T9-1),S11) -> 1 | U11: =IF(U9>T9,1+$H$32*(U9-1),T11) -> 1 | V11: =IF(V9>U9,1+$H$32*(V9-1),U11) -> 1 | W11: =IF(W9>V9,1+$H$32*(W9-1),V11) -> 1 | X11: =IF(X9>W9,1+$H$32*(X9-1),W11) -> 1 | ... EF11: =IF(EF9>EE9,1+$H$32*(EF9-1),EE11) -> 1.27
B12: Studio | C12: 67 | D12: 1500 | E12: 450 | G12: Studio | H12: 8 | I12: =D12*(1-$H$20) -> 1200 | J12: =E12 -> 450 | O12: Rental Term | Q12: =IFERROR(DATEDIF($D$30,Q15,"y")+1,0) -> 0 | R12: =IFERROR(DATEDIF($D$30,R15,"y")+1,0) -> 0 | S12: =IFERROR(DATEDIF($D$30,S15,"y")+1,0) -> 0 | T12: =IFERROR(DATEDIF($D$30,T15,"y")+1,0) -> 0 | U12: =IFERROR(DATEDIF($D$30,U15,"y")+1,0) -> 0 | V12: =IFERROR(DATEDIF($D$30,V15,"y")+1,0) -> 0 | W12: =IFERROR(DATEDIF($D$30,W15,"y")+1,0) -> 0 | X12: =IFERROR(DATEDIF($D$30,X15,"y")+1,0) -> 0 | ... EF12: =IFERROR(DATEDIF($D$30,EF15,"y")+1,0) -> 9
B13: 1 Bed Apart. | C13: 136 | D13: 1800 | E13: 550 | G13: 1 Bed Apart. | H13: 14 | I13: =D13*(1-$H$20) -> 1440 | J13: =E13 -> 550 | O13: Actual Rent | Q13: =IF(Q12>P12,Q11,P13) -> 0 | R13: =IF(R12>Q12,R11,Q13) -> 0 | S13: =IF(S12>R12,S11,R13) -> 0 | T13: =IF(T12>S12,T11,S13) -> 0 | U13: =IF(U12>T12,U11,T13) -> 0 | V13: =IF(V12>U12,V11,U13) -> 0 | W13: =IF(W12>V12,W11,V13) -> 0 | X13: =IF(X12>W12,X11,W13) -> 0 | ... EF13: =IF(EF12>EE12,EF11,EE13) -> 1.27
B14: 2 Bed Apart. | C14: 107 | D14: 2400 | E14: 750 | G14: 2 Bed Apart. | H14: 13 | I14: =D14*(1-$H$20) -> 1920 | J14: =E14 -> 750
B15: 3 Bed Apart. | C15: 23 | D15: 3000 | E15: 1000 | G15: 3 Bed Apart. | H15: 2 | I15: =D15*(1-$H$20) -> 2400 | J15: =E15 -> 1000 | P15: ='Level 4'!G6 -> 44197 | Q15: =EDATE(P15,1) -> 44228 | R15: =EDATE(Q15,1) -> 44256 | S15: =EDATE(R15,1) -> 44287 | T15: =EDATE(S15,1) -> 44317 | U15: =EDATE(T15,1) -> 44348 | V15: =EDATE(U15,1) -> 44378 | W15: =EDATE(V15,1) -> 44409 | X15: =EDATE(W15,1) -> 44440 | ... EF15: =EDATE(EE15,1) -> 47849
B16: Total | C16: =SUM(C12:C15) -> 333 | D16: =SUMPRODUCT(D12:D15,$C$12:$C$15) -> 671100 | E16: =SUMPRODUCT(E12:E15,$C$12:$C$15) -> 208200 | G16: Total | H16: =SUM(H12:H15) -> 37 | I16: =SUMPRODUCT(I12:I15,$H$12:$H$15) -> 59520 | J16: =SUMPRODUCT(J12:J15,$H$12:$H$15) -> 23050 | N16: Total
M17: ='Level 4'!B21 -> Purchase Price | N17: =SUM(P17:EF17) -> -25000000 | P17: =-'Level 4'!D21 -> -25000000
B18: Costs | M18: ='Level 4'!B22 -> Stamp Duty | N18: =SUM(P18:EF18) -> -1250000 | P18: =-'Level 4'!D22 -> -1250000
G19: Part V Method of Disposal | H19: Lease with Council | M19: ='Level 4'!B23 -> Legal | N19: =SUM(P19:EF19) -> -50000 | P19: =-'Level 4'!D23 -> -50000
B20: Purchase Costs | G20: Discount on rent | H20: 0.2 | M20: ='Level 4'!B24 -> Due Diligence | N20: =SUM(P20:EF20) -> -50000 | P20: =-'Level 4'!D24 -> -50000
B21: Purchase Price | D21: 25000000 | G21: Cap value psft | H21: 400
B22: Stamp Duty | C22: 0.05 | D22: =D21*C22 -> 1250000 | M22: Hard Build Costs | N22: =SUM(P22:EF22) -> -55000000 | Q22: =IF(AND(Q$15>=$D$28,Q$15<$D$30),-$D$39*(NORMDIST(DATEDIF($D$28,Q15,"m")+1,$C$34,$C$35,1)-NORMSDIST(-$C$33))/(NORMSDIST($C$33)-NORMSDIST(-$C$33))-SUM($O$22:P22),0) -> 0 | R22: =IF(AND(R$15>=$D$28,R$15<$D$30),-$D$39*(NORMDIST(DATEDIF($D$28,R15,"m")+1,$C$34,$C$35,1)-NORMSDIST(-$C$33))/(NORMSDIST($C$33)-NORMSDIST(-$C$33))-SUM($O$22:Q22),0) -> -136795.86 | S22: =IF(AND(S$15>=$D$28,S$15<$D$30),-$D$39*(NORMDIST(DATEDIF($D$28,S15,"m")+1,$C$34,$C$35,1)-NORMSDIST(-$C$33))/(NORMSDIST($C$33)-NORMSDIST(-$C$33))-SUM($O$22:R22),0) -> -330063.25 | T22: =IF(AND(T$15>=$D$28,T$15<$D$30),-$D$39*(NORMDIST(DATEDIF($D$28,T15,"m")+1,$C$34,$C$35,1)-NORMSDIST(-$C$33))/(NORMSDIST($C$33)-NORMSDIST(-$C$33))-SUM($O$22:S22),0) -> -713340.06 | U22: =IF(AND(U$15>=$D$28,U$15<$D$30),-$D$39*(NORMDIST(DATEDIF($D$28,U15,"m")+1,$C$34,$C$35,1)-NORMSDIST(-$C$33))/(NORMSDIST($C$33)-NORMSDIST(-$C$33))-SUM($O$22:T22),0) -> -1380940.4 | V22: =IF(AND(V$15>=$D$28,V$15<$D$30),-$D$39*(NORMDIST(DATEDIF($D$28,V15,"m")+1,$C$34,$C$35,1)-NORMSDIST(-$C$33))/(NORMSDIST($C$33)-NORMSDIST(-$C$33))-SUM($O$22:U22),0) -> -2394612.7 | W22: =IF(AND(W$15>=$D$28,W$15<$D$30),-$D$39*(NORMDIST(DATEDIF($D$28,W15,"m")+1,$C$34,$C$35,1)-NORMSDIST(-$C$33))/(NORMSDIST($C$33)-NORMSDIST(-$C$33))-SUM($O$22:V22),0) -> -3719463.7 | X22: =IF(AND(X$15>=$D$28,X$15<$D$30),-$D$39*(NORMDIST(DATEDIF($D$28,X15,"m")+1,$C$34,$C$35,1)-NORMSDIST(-$C$33))/(NORMSDIST($C$33)-NORMSDIST(-$C$33))-SUM($O$22:W22),0) -> -5175022.1 | ... EF22: =IF(AND(EF$15>=$D$28,EF$15<$D$30),-$D$39*(NORMDIST(DATEDIF($D$28,EF15,"m")+1,$C$34,$C$35,1)-NORMSDIST(-$C$33))/(NORMSDIST($C$33)-NORMSDIST(-$C$33))-SUM($O$22:EE22),0) -> 0
B23: Legal | D23: 50000 | G23: Operational Income | M23: Soft Build Costs | N23: =SUM(P23:EF23) -> -5500000 | Q23: =Q22*$C$40 -> 0 | R23: =R22*$C$40 -> -13679.586 | S23: =S22*$C$40 -> -33006.325 | T23: =T22*$C$40 -> -71334.006 | U23: =U22*$C$40 -> -138094.04 | V23: =V22*$C$40 -> -239461.27 | W23: =W22*$C$40 -> -371946.37 | X23: =X22*$C$40 -> -517502.21 | ... EF23: =EF22*$C$40 -> 0
B24: Due Diligence | D24: 50000
B25: Total Purchase Cost | E25: =SUM(D21:D24) -> 26350000 | G25: Initial Rental Income p/a | I25: =D16*12+(H19="Lease with Council")*I16*12 -> 8767440 | M25: Rental Income | N25: =SUM(P25:EF25) -> 47782548 | Q25: =IF(AND(Q15>=$D$30,Q15<EDATE($D$30,$H$33*12)),$I$25/12*Q13,0) -> 0 | R25: =IF(AND(R15>=$D$30,R15<EDATE($D$30,$H$33*12)),$I$25/12*R13,0) -> 0 | S25: =IF(AND(S15>=$D$30,S15<EDATE($D$30,$H$33*12)),$I$25/12*S13,0) -> 0 | T25: =IF(AND(T15>=$D$30,T15<EDATE($D$30,$H$33*12)),$I$25/12*T13,0) -> 0 | U25: =IF(AND(U15>=$D$30,U15<EDATE($D$30,$H$33*12)),$I$25/12*U13,0) -> 0 | V25: =IF(AND(V15>=$D$30,V15<EDATE($D$30,$H$33*12)),$I$25/12*V13,0) -> 0 | W25: =IF(AND(W15>=$D$30,W15<EDATE($D$30,$H$33*12)),$I$25/12*W13,0) -> 0 | X25: =IF(AND(X15>=$D$30,X15<EDATE($D$30,$H$33*12)),$I$25/12*X13,0) -> 0 | ... EF25: =IF(AND(EF15>=$D$30,EF15<EDATE($D$30,$H$33*12)),$I$25/12*EF13,0) -> 0
M26: Management Cost | N26: =SUM(P26:EF26) -> -11945637 | Q26: =Q25*-$H$29 -> 0 | R26: =R25*-$H$29 -> 0 | S26: =S25*-$H$29 -> 0 | T26: =T25*-$H$29 -> 0 | U26: =U25*-$H$29 -> 0 | V26: =V25*-$H$29 -> 0 | W26: =W25*-$H$29 -> 0 | X26: =X25*-$H$29 -> 0 | ... EF26: =EF25*-$H$29 -> 0
B27: Build GIA | D27: 275000
B28: Build Start Date | D28: 44256 | G28: Rental Income on PC | I28: =INDEX(P25:EF25,MATCH(1,P12:EF12,0))*12 -> 9030463.2
B29: Build program | D29: 18 | G29: Management Cost | H29: 0.25 | I29: =I28*H29 -> 2257615.8 | M29: Part V Sale | N29: =SUM(P29:EF29) -> 0 | Q29: =IF(AND(Q15=$D$30,$H$19="Sale on PC"),$I$51,0) -> 0 | R29: =IF(AND(R15=$D$30,$H$19="Sale on PC"),$I$51,0) -> 0 | S29: =IF(AND(S15=$D$30,$H$19="Sale on PC"),$I$51,0) -> 0 | T29: =IF(AND(T15=$D$30,$H$19="Sale on PC"),$I$51,0) -> 0 | U29: =IF(AND(U15=$D$30,$H$19="Sale on PC"),$I$51,0) -> 0 | V29: =IF(AND(V15=$D$30,$H$19="Sale on PC"),$I$51,0) -> 0 | W29: =IF(AND(W15=$D$30,$H$19="Sale on PC"),$I$51,0) -> 0 | X29: =IF(AND(X15=$D$30,$H$19="Sale on PC"),$I$51,0) -> 0 | ... EF29: =IF(AND(EF15=$D$30,$H$19="Sale on PC"),$I$51,0) -> 0
B30: PC | D30: =EDATE(D28,D29) -> 44805 | G30: NOI p/a | I30: =I25-I29 -> 6509824.2 | M30: Sale | N30: =SUM(P30:EF30) -> 1.5123834e+08 | Q30: =(Q15=$H$50)*$I$54 -> 0 | R30: =(R15=$H$50)*$I$54 -> 0 | S30: =(S15=$H$50)*$I$54 -> 0 | T30: =(T15=$H$50)*$I$54 -> 0 | U30: =(U15=$H$50)*$I$54 -> 0 | V30: =(V15=$H$50)*$I$54 -> 0 | W30: =(W15=$H$50)*$I$54 -> 0 | X30: =(X15=$H$50)*$I$54 -> 0 | ... EF30: =(EF15=$H$50)*$I$54 -> 0
M31: Sales Cost | N31: =SUM(P31:EF31) -> -3024766.8 | Q31: =SUM(Q29:Q30)*-$H$55 -> 0 | R31: =SUM(R29:R30)*-$H$55 -> 0 | S31: =SUM(S29:S30)*-$H$55 -> 0 | T31: =SUM(T29:T30)*-$H$55 -> 0 | U31: =SUM(U29:U30)*-$H$55 -> 0 | V31: =SUM(V29:V30)*-$H$55 -> 0 | W31: =SUM(W29:W30)*-$H$55 -> 0 | X31: =SUM(X29:X30)*-$H$55 -> 0 | ... EF31: =SUM(EF29:EF30)*-$H$55 -> 0
B32: Constrction Cost S-Curve | G32: Rental Growth p/a | H32: 0.03
B33: Max Z | C33: 3 | G33: Years held after PC | H33: 5 | M33: Cash flow before finance | N33: =SUM(N17:N32) -> 97200484 | P33: =SUM(P17:P32) -> -26350000 | Q33: =SUM(Q17:Q32) -> 0 | R33: =SUM(R17:R32) -> -150475.45 | S33: =SUM(S17:S32) -> -363069.57 | T33: =SUM(T17:T32) -> -784674.06 | U33: =SUM(U17:U32) -> -1519034.4 | V33: =SUM(V17:V32) -> -2634073.9 | W33: =SUM(W17:W32) -> -4091410 | ... EF33: =SUM(EF17:EF32) -> 0
B34: Mean | C34: =D29/2 -> 9
B35: Standard Deviation | C35: =C34/C33 -> 3 | G35: Total Income from Operations | J35: =SUM(N25:N26) -> 35836911 | M35: Investment Finance
M36: Investment Finance Drawdown | P36: =(P15=$D$30)*$I$39 -> 0 | Q36: =(Q15=$D$30)*$I$39 -> 0 | R36: =(R15=$D$30)*$I$39 -> 0 | S36: =(S15=$D$30)*$I$39 -> 0 | T36: =(T15=$D$30)*$I$39 -> 0 | U36: =(U15=$D$30)*$I$39 -> 0 | V36: =(V15=$D$30)*$I$39 -> 0 | W36: =(W15=$D$30)*$I$39 -> 0 | ... EF36: =(EF15=$D$30)*$I$39 -> 0
B37: Build Costs | G37: Investment Finance | M37: Beginning Balance | P37: =P36+O41 -> 0 | Q37: =Q36+P41 -> 0 | R37: =R36+Q41 -> 0 | S37: =S36+R41 -> 0 | T37: =T36+S41 -> 0 | U37: =U36+T41 -> 0 | V37: =V36+U41 -> 0 | W37: =W36+V41 -> 0 | ... EF37: =EF36+EE41 -> 0
B38: Square foot | D38: =D27 -> 275000 | M38: Payment | P38: =IF(P15=$H$50,P37+P37*((1+$H$40)^(1/12)-1),(P37>0)*-PMT($H$40/12,$H$41*12,$I$39)) -> 0 | Q38: =IF(Q15=$H$50,Q37+Q37*((1+$H$40)^(1/12)-1),(Q37>0)*-PMT($H$40/12,$H$41*12,$I$39)) -> 0 | R38: =IF(R15=$H$50,R37+R37*((1+$H$40)^(1/12)-1),(R37>0)*-PMT($H$40/12,$H$41*12,$I$39)) -> 0 | S38: =IF(S15=$H$50,S37+S37*((1+$H$40)^(1/12)-1),(S37>0)*-PMT($H$40/12,$H$41*12,$I$39)) -> 0 | T38: =IF(T15=$H$50,T37+T37*((1+$H$40)^(1/12)-1),(T37>0)*-PMT($H$40/12,$H$41*12,$I$39)) -> 0 | U38: =IF(U15=$H$50,U37+U37*((1+$H$40)^(1/12)-1),(U37>0)*-PMT($H$40/12,$H$41*12,$I$39)) -> 0 | V38: =IF(V15=$H$50,V37+V37*((1+$H$40)^(1/12)-1),(V37>0)*-PMT($H$40/12,$H$41*12,$I$39)) -> 0 | W38: =IF(W15=$H$50,W37+W37*((1+$H$40)^(1/12)-1),(W37>0)*-PMT($H$40/12,$H$41*12,$I$39)) -> 0 | ... EF38: =IF(EF15=$H$50,EF37+EF37*((1+$H$40)^(1/12)-1),(EF37>0)*-PMT($H$40/12,$H$41*12,$I$39)) -> 0
B39: Hard Build cost psf | C39: 200 | D39: =D38*C39 -> 55000000 | G39: Loan to value | H39: 0.5 | I39: =(I30/H53)*H39 -> 65098242 | M39: Interest | N39: =SUM(P39:EF39) -> 7696098.5 | P39: =P37*((1+$H$40)^(1/12)-1) -> 0 | Q39: =Q37*((1+$H$40)^(1/12)-1) -> 0 | R39: =R37*((1+$H$40)^(1/12)-1) -> 0 | S39: =S37*((1+$H$40)^(1/12)-1) -> 0 | T39: =T37*((1+$H$40)^(1/12)-1) -> 0 | U39: =U37*((1+$H$40)^(1/12)-1) -> 0 | V39: =V37*((1+$H$40)^(1/12)-1) -> 0 | W39: =W37*((1+$H$40)^(1/12)-1) -> 0 | ... EF39: =EF37*((1+$H$40)^(1/12)-1) -> 0
B40: Soft Build Costs | C40: 0.1 | D40: =D39*C40 -> 5500000 | G40: Interest | H40: 0.025 | J40: =SUM(P39:EF39) -> 7696098.5 | M40: Capital Payment | P40: =P38-P39 -> 0 | Q40: =Q38-Q39 -> 0 | R40: =R38-R39 -> 0 | S40: =S38-S39 -> 0 | T40: =T38-T39 -> 0 | U40: =U38-U39 -> 0 | V40: =V38-V39 -> 0 | W40: =W38-W39 -> 0 | ... EF40: =EF38-EF39 -> 0
B41: Total Build Cost | E41: =SUM(D39:D40) -> 60500000 | G41: Amortisation | H41: 30 | M41: Ending Balance | P41: =P37-P40 -> 0 | Q41: =Q37-Q40 -> 0 | R41: =R37-R40 -> 0 | S41: =S37-S40 -> 0 | T41: =T37-T40 -> 0 | U41: =U37-U40 -> 0 | V41: =V37-V40 -> 0 | W41: =W37-W40 -> 0 | ... EF41: =EF37-EF40 -> 0
G42: Interest payment p/a | H42: =I39*H40 -> 1627456.1
B43: Construction Finance | G43: Capital payment p/a | H43: =(-PMT(H40/12,H41*12,I39)*12)-H42 -> 1459145.1 | M43: Cash Flow after Investment Finance | N43: =N33-N39 -> 89504386 | P43: =P33+P36-P38 -> -26350000 | Q43: =Q33+Q36-Q38 -> 0 | R43: =R33+R36-R38 -> -150475.45 | S43: =S33+S36-S38 -> -363069.57 | T43: =T33+T36-T38 -> -784674.06 | U43: =U33+U36-U38 -> -1519034.4 | V43: =V33+V36-V38 -> -2634073.9 | W43: =W33+W36-W38 -> -4091410 | ... EF43: =EF33+EF36-EF38 -> 0
G44: Stabilised NOI | H44: =I30-H42-H43 -> 3423223.1
B45: Senior Debt | G45: DSCR | H45: =(I30/SUM(H42:H43)) -> 2.1090591 | M45: Construction Finance
B46: Loan To Cost | D46: 0.6 | M46: Construction Draw Schedule | P46: =-SUM(P22:P23) -> 0 | Q46: =-SUM(Q22:Q23) -> 0 | R46: =-SUM(R22:R23) -> 150475.45 | S46: =-SUM(S22:S23) -> 363069.57 | T46: =-SUM(T22:T23) -> 784674.06 | U46: =-SUM(U22:U23) -> 1519034.4 | V46: =-SUM(V22:V23) -> 2634073.9 | W46: =-SUM(W22:W23) -> 4091410 | ... EF46: =-SUM(EF22:EF23) -> 0
B47: Interest | D47: 0.05
B48: Loan Pre-Interest Reserve | D48: =D46*E41 -> 36300000 | G48: Disposal/Sale | M48: Equity Schedule
B49: Loan Post-Interest Reserve | D49: =MAX(P72:EF72) -> 37286479 | M49: Beginning Balance | P49: =E41-D48-D55-D62 -> 12100000 | Q49: =P51 -> 12100000 | R49: =Q51 -> 12100000 | S49: =R51 -> 11949525 | T49: =S51 -> 11586455 | U49: =T51 -> 10801781 | V49: =U51 -> 9282746.5 | W49: =V51 -> 6648672.6 | X49: =W51 -> 2557262.5 | ... EF49: =EE51 -> 0
B50: Loan Cost | E50: =N73 -> 1138388.4 | G50: Sale Date | H50: =EDATE(D30,H33*12) -> 46631 | M50: Equity Funded | P50: =MIN(P49,P46) -> 0 | Q50: =MIN(Q49,Q46) -> 0 | R50: =MIN(R49,R46) -> 150475.45 | S50: =MIN(S49,S46) -> 363069.57 | T50: =MIN(T49,T46) -> 784674.06 | U50: =MIN(U49,U46) -> 1519034.4 | V50: =MIN(V49,V46) -> 2634073.9 | W50: =MIN(W49,W46) -> 4091410 | ... EF50: =MIN(EF49,EF46) -> 0
G51: Part V Sale | I51: =(H19="Sale on PC")*(J16*H21) -> 0 | M51: Remaining Balance | P51: =P49-P50 -> 12100000 | Q51: =Q49-Q50 -> 12100000 | R51: =R49-R50 -> 11949525 | S51: =S49-S50 -> 11586455 | T51: =T49-T50 -> 10801781 | U51: =U49-U50 -> 9282746.5 | V51: =V49-V50 -> 6648672.6 | W51: =W49-W50 -> 2557262.5 | ... EF51: =EF49-EF50 -> 0
B52: Mezzanine Debt | G52: NOI p/a | H52: =INDEX(P25:EF25,MATCH(EDATE(H50,-1),P15:EF15,0))*12*(1-H29) -> 7561917 | M52: Cumulative Balance | P52: =SUM($P$50:P50) -> 0 | Q52: =SUM($P$50:Q50) -> 0 | R52: =SUM($P$50:R50) -> 150475.45 | S52: =SUM($P$50:S50) -> 513545.02 | T52: =SUM($P$50:T50) -> 1298219.1 | U52: =SUM($P$50:U50) -> 2817253.5 | V52: =SUM($P$50:V50) -> 5451327.4 | W52: =SUM($P$50:W50) -> 9542737.5 | ... EF52: =SUM($P$50:EF50) -> 12100000
B53: Loan To Cost | D53: 0.15 | G53: Net Yield to Dispose | H53: 0.05
B54: Interest | D54: 0.09 | G54: Sale price | I54: =H52/H53 -> 1.5123834e+08 | M54: Bridge Debt Schedule
B55: Loan Pre-Interest Reserve | D55: =E41*D53 -> 9075000 | G55: ="- sales costs" -> - sales costs | H55: 0.02 | I55: =(I54+I51)*H55 -> 3024766.8 | M55: Beginning Balance | P55: =D62 -> 3025000 | Q55: =P57 -> 3025000 | R55: =Q57 -> 3025000 | S55: =R57 -> 3025000 | T55: =S57 -> 3025000 | U55: =T57 -> 3025000 | V55: =U57 -> 3025000 | W55: =V57 -> 3025000 | X55: =W57 -> 3025000 | ... EF55: =EE57 -> 0
B56: Loan Post-Interest Reserve | D56: =MAX(P65:EF65) -> 9737165.6 | G56: Net Sale | J56: =I51+I54-I55 -> 1.4821357e+08 | M56: Debt Funded | P56: =MIN(P46-P50,P55) -> 0 | Q56: =MIN(Q46-Q50,Q55) -> 0 | R56: =MIN(R46-R50,R55) -> 0 | S56: =MIN(S46-S50,S55) -> 0 | T56: =MIN(T46-T50,T55) -> 0 | U56: =MIN(U46-U50,U55) -> 0 | V56: =MIN(V46-V50,V55) -> 0 | W56: =MIN(W46-W50,W55) -> 0 | ... EF56: =MIN(EF46-EF50,EF55) -> 0
B57: Loan Cost | E57: =N66 -> 732344.53 | M57: Remaining Balance | P57: =P55-P56 -> 3025000 | Q57: =Q55-Q56 -> 3025000 | R57: =R55-R56 -> 3025000 | S57: =S55-S56 -> 3025000 | T57: =T55-T56 -> 3025000 | U57: =U55-U56 -> 3025000 | V57: =V55-V56 -> 3025000 | W57: =W55-W56 -> 3025000 | ... EF57: =EF55-EF56 -> 0
M58: Cumulative Balance | P58: =MAX(SUM($P$56:P56)+SUM($O$59:O59)-SUM($P$80:P80),0) -> 0 | Q58: =MAX(SUM($P$56:Q56)+SUM($O$59:P59)-SUM($P$76:Q76),0) -> 0 | R58: =MAX(SUM($P$56:R56)+SUM($O$59:Q59)-SUM($P$76:R76),0) -> 0 | S58: =MAX(SUM($P$56:S56)+SUM($O$59:R59)-SUM($P$76:S76),0) -> 0 | T58: =MAX(SUM($P$56:T56)+SUM($O$59:S59)-SUM($P$76:T76),0) -> 0 | U58: =MAX(SUM($P$56:U56)+SUM($O$59:T59)-SUM($P$76:U76),0) -> 0 | V58: =MAX(SUM($P$56:V56)+SUM($O$59:U59)-SUM($P$76:V76),0) -> 0 | W58: =MAX(SUM($P$56:W56)+SUM($O$59:V59)-SUM($P$76:W76),0) -> 0 | X58: =MAX(SUM($P$56:X56)+SUM($O$59:W59)-SUM($P$76:X76),0) -> 3025000 | ... EF58: =MAX(SUM($P$56:EF56)+SUM($O$59:EE59)-SUM($P$76:EF76),0) -> 0
B59: Bridge Debt | M59: Capitalised Interest | N59: =SUM(P59:EF59) -> 363000 | P59: =P58*((1+$D$61)^(1/12)-1) -> 0 | Q59: =Q58*((1+$D$61)^(1/12)-1) -> 0 | R59: =R58*((1+$D$61)^(1/12)-1) -> 0 | S59: =S58*((1+$D$61)^(1/12)-1) -> 0 | T59: =T58*((1+$D$61)^(1/12)-1) -> 0 | U59: =U58*((1+$D$61)^(1/12)-1) -> 0 | V59: =V58*((1+$D$61)^(1/12)-1) -> 0 | W59: =W58*((1+$D$61)^(1/12)-1) -> 0 | ... EF59: =EF58*((1+$D$61)^(1/12)-1) -> 0
B60: Loan To Cost | D60: 0.05
B61: Interest | D61: 0.12 | M61: Mezzanine Debt Schedule
B62: Loan Pre-Interest Reserve | D62: =E41*D60 -> 3025000 | M62: Beginning Balance | P62: =D55 -> 9075000 | Q62: =P64 -> 9075000 | R62: =Q64 -> 9075000 | S62: =R64 -> 9075000 | T62: =S64 -> 9075000 | U62: =T64 -> 9075000 | V62: =U64 -> 9075000 | W62: =V64 -> 9075000 | X62: =W64 -> 9075000 | ... EF62: =EE64 -> 0
B63: Loan Post-Interest Reserve | D63: =MAX(P58:EF58) -> 3356154.1 | M63: Debt Funded | P63: =MIN(P62,P46-P50-P56) -> 0 | Q63: =MIN(Q62,Q46-Q50-Q56) -> 0 | R63: =MIN(R62,R46-R50-R56) -> 0 | S63: =MIN(S62,S46-S50-S56) -> 0 | T63: =MIN(T62,T46-T50-T56) -> 0 | U63: =MIN(U62,U46-U50-U56) -> 0 | V63: =MIN(V62,V46-V50-V56) -> 0 | W63: =MIN(W62,W46-W50-W56) -> 0 | ... EF63: =MIN(EF62,EF46-EF50-EF56) -> 0
B64: Loan Cost | E64: =N59 -> 363000 | M64: Remaining Balance | P64: =P62-P63 -> 9075000 | Q64: =Q62-Q63 -> 9075000 | R64: =R62-R63 -> 9075000 | S64: =S62-S63 -> 9075000 | T64: =T62-T63 -> 9075000 | U64: =U62-U63 -> 9075000 | V64: =V62-V63 -> 9075000 | W64: =W62-W63 -> 9075000 | ... EF64: =EF62-EF63 -> 0
M65: Cumulative Balance | P65: =MAX(SUM($P$63:P63)+SUM($O$66:O66)-SUM($P$78:P78),0) -> 0 | Q65: =MAX(SUM($P$63:Q63)+SUM($O$66:P66)-SUM($P$78:Q78),0) -> 0 | R65: =MAX(SUM($P$63:R63)+SUM($O$66:Q66)-SUM($P$78:R78),0) -> 0 | S65: =MAX(SUM($P$63:S63)+SUM($O$66:R66)-SUM($P$78:S78),0) -> 0 | T65: =MAX(SUM($P$63:T63)+SUM($O$66:S66)-SUM($P$78:T78),0) -> 0 | U65: =MAX(SUM($P$63:U63)+SUM($O$66:T66)-SUM($P$78:U78),0) -> 0 | V65: =MAX(SUM($P$63:V63)+SUM($O$66:U66)-SUM($P$78:V78),0) -> 0 | W65: =MAX(SUM($P$63:W63)+SUM($O$66:V66)-SUM($P$78:W78),0) -> 0 | ... EF65: =MAX(SUM($P$63:EF63)+SUM($O$66:EE66)-SUM($P$78:EF78),0) -> 0
B66: Total Project Cost | E66: =E25+E41+E50+E57+E64 -> 89083733 | G66: Total Project Income | J66: =J35-J40+J56 -> 1.7635439e+08 | M66: Capitalised Interest | N66: =SUM(P66:EF66) -> 732344.53 | P66: =P65*((1+$D$54)^(1/12)-1) -> 0 | Q66: =Q65*((1+$D$54)^(1/12)-1) -> 0 | R66: =R65*((1+$D$54)^(1/12)-1) -> 0 | S66: =S65*((1+$D$54)^(1/12)-1) -> 0 | T66: =T65*((1+$D$54)^(1/12)-1) -> 0 | U66: =U65*((1+$D$54)^(1/12)-1) -> 0 | V66: =V65*((1+$D$54)^(1/12)-1) -> 0 | W66: =W65*((1+$D$54)^(1/12)-1) -> 0 | ... EF66: =EF65*((1+$D$54)^(1/12)-1) -> 0
M68: Senior Debt Schedule
E69: Results | M69: Beginning Balance | P69: =D48 -> 36300000 | Q69: =P71 -> 36300000 | R69: =Q71 -> 36300000 | S69: =R71 -> 36300000 | T69: =S71 -> 36300000 | U69: =T71 -> 36300000 | V69: =U71 -> 36300000 | W69: =V71 -> 36300000 | X69: =W71 -> 36300000 | ... EF69: =EE71 -> 6.693881e-10
E70: Profit | G70: =J66-E66 -> 87270653 | M70: Debt Funded | P70: =MIN(P69,P46-P50-P56-P63) -> 0 | Q70: =MIN(Q69,Q46-Q50-Q56-Q63) -> 0 | R70: =MIN(R69,R46-R50-R56-R63) -> 0 | S70: =MIN(S69,S46-S50-S56-S63) -> 0 | T70: =MIN(T69,T46-T50-T56-T63) -> 0 | U70: =MIN(U69,U46-U50-U56-U63) -> 0 | V70: =MIN(V69,V46-V50-V56-V63) -> 0 | W70: =MIN(W69,W46-W50-W56-W63) -> 0 | ... EF70: =MIN(EF69,EF46-EF50-EF56-EF63) -> 0
E71: IRR | G71: =XIRR(P82:EF82,P15:EF15,0.1) -> 0.26268234 | M71: Remaining Balance | P71: =P69-P70 -> 36300000 | Q71: =Q69-Q70 -> 36300000 | R71: =R69-R70 -> 36300000 | S71: =S69-S70 -> 36300000 | T71: =T69-T70 -> 36300000 | U71: =U69-U70 -> 36300000 | V71: =V69-V70 -> 36300000 | W71: =W69-W70 -> 36300000 | ... EF71: =EF69-EF70 -> 6.693881e-10
E72: Unlevered IRR | G72: =XIRR(P33:EF33,P15:EF15,0.1) -> 0.14682711 | M72: Cumulative Balance | P72: =MAX(SUM($P$70:P70)+SUM($O$73:O73)-SUM($P$76:P76),0) -> 0 | Q72: =MAX(SUM($P$70:Q70)+SUM($O$73:P73)-SUM($P$76:Q76),0) -> 0 | R72: =MAX(SUM($P$70:R70)+SUM($O$73:Q73)-SUM($P$76:R76),0) -> 0 | S72: =MAX(SUM($P$70:S70)+SUM($O$73:R73)-SUM($P$76:S76),0) -> 0 | T72: =MAX(SUM($P$70:T70)+SUM($O$73:S73)-SUM($P$76:T76),0) -> 0 | U72: =MAX(SUM($P$70:U70)+SUM($O$73:T73)-SUM($P$76:U76),0) -> 0 | V72: =MAX(SUM($P$70:V70)+SUM($O$73:U73)-SUM($P$76:V76),0) -> 0 | W72: =MAX(SUM($P$70:W70)+SUM($O$73:V73)-SUM($P$76:W76),0) -> 0 | ... EF72: =MAX(SUM($P$70:EF70)+SUM($O$73:EE73)-SUM($P$76:EF76),0) -> 0
E73: Required Equity | G73: =-MIN(P84:EF84) -> 38450000 | M73: Capitalised Interest | N73: =SUM(P73:EF73) -> 1138388.4 | P73: =P72*((1+$D$47)^(1/12)-1) -> 0 | Q73: =Q72*((1+$D$47)^(1/12)-1) -> 0 | R73: =R72*((1+$D$47)^(1/12)-1) -> 0 | S73: =S72*((1+$D$47)^(1/12)-1) -> 0 | T73: =T72*((1+$D$47)^(1/12)-1) -> 0 | U73: =U72*((1+$D$47)^(1/12)-1) -> 0 | V73: =V72*((1+$D$47)^(1/12)-1) -> 0 | W73: =W72*((1+$D$47)^(1/12)-1) -> 0 | ... EF73: =EF72*((1+$D$47)^(1/12)-1) -> 0
E74: Equity Multiple | G74: =1+(G70/G73) -> 3.2697179
M75: Revenue | P75: =MAX(P43,0) -> 0 | Q75: =MAX(Q43,0) -> 0 | R75: =MAX(R43,0) -> 0 | S75: =MAX(S43,0) -> 0 | T75: =MAX(T43,0) -> 0 | U75: =MAX(U43,0) -> 0 | V75: =MAX(V43,0) -> 0 | W75: =MAX(W43,0) -> 0 | ... EF75: =MAX(EF43,0) -> 0
M76: Senior debt payback | P76: =(P75>0)*MIN(P75,O72+O73) -> 0 | Q76: =(Q75>0)*MIN(Q75,P72+P73) -> 0 | R76: =(R75>0)*MIN(R75,Q72+Q73) -> 0 | S76: =(S75>0)*MIN(S75,R72+R73) -> 0 | T76: =(T75>0)*MIN(T75,S72+S73) -> 0 | U76: =(U75>0)*MIN(U75,T72+T73) -> 0 | V76: =(V75>0)*MIN(V75,U72+U73) -> 0 | W76: =(W75>0)*MIN(W75,V72+V73) -> 0 | ... EF76: =(EF75>0)*MIN(EF75,EE72+EE73) -> 0
J77: =N82-G70 -> 0 | M77: Revenue post senior | P77: =P75-P76 -> 0 | Q77: =Q75-Q76 -> 0 | R77: =R75-R76 -> 0 | S77: =S75-S76 -> 0 | T77: =T75-T76 -> 0 | U77: =U75-U76 -> 0 | V77: =V75-V76 -> 0 | W77: =W75-W76 -> 0 | ... EF77: =EF75-EF76 -> 0
M78: Mezz debt payback | P78: =(P77>0)*MIN(P77,O65+O66) -> 0 | Q78: =(Q77>0)*MIN(Q77,P65+P66) -> 0 | R78: =(R77>0)*MIN(R77,Q65+Q66) -> 0 | S78: =(S77>0)*MIN(S77,R65+R66) -> 0 | T78: =(T77>0)*MIN(T77,S65+S66) -> 0 | U78: =(U77>0)*MIN(U77,T65+T66) -> 0 | V78: =(V77>0)*MIN(V77,U65+U66) -> 0 | W78: =(W77>0)*MIN(W77,V65+V66) -> 0 | ... EF78: =(EF77>0)*MIN(EF77,EE65+EE66) -> 0
M79: Revenue post mezz | P79: =P77-P78 -> 0 | Q79: =Q77-Q78 -> 0 | R79: =R77-R78 -> 0 | S79: =S77-S78 -> 0 | T79: =T77-T78 -> 0 | U79: =U77-U78 -> 0 | V79: =V77-V78 -> 0 | W79: =W77-W78 -> 0 | ... EF79: =EF77-EF78 -> 0
M80: Bridge debt payback | P80: =(P79>0)*MIN(P79,O58+O59) -> 0 | Q80: =(Q79>0)*MIN(Q79,P58+P59) -> 0 | R80: =(R79>0)*MIN(R79,Q58+Q59) -> 0 | S80: =(S79>0)*MIN(S79,R58+R59) -> 0 | T80: =(T79>0)*MIN(T79,S58+S59) -> 0 | U80: =(U79>0)*MIN(U79,T58+T59) -> 0 | V80: =(V79>0)*MIN(V79,U58+U59) -> 0 | W80: =(W79>0)*MIN(W79,V58+V59) -> 0 | ... EF80: =(EF79>0)*MIN(EF79,EE58+EE59) -> 0
M82: Cash flow after finance | N82: =N43-N59-N66-N73 -> 87270653 | P82: =P43+P56+P63+P70-P76-P78-P80 -> -26350000 | Q82: =Q43+Q56+Q63+Q70-Q76-Q78-Q80 -> 0 | R82: =R43+R56+R63+R70-R76-R78-R80 -> -150475.45 | S82: =S43+S56+S63+S70-S76-S78-S80 -> -363069.57 | T82: =T43+T56+T63+T70-T76-T78-T80 -> -784674.06 | U82: =U43+U56+U63+U70-U76-U78-U80 -> -1519034.4 | V82: =V43+V56+V63+V70-V76-V78-V80 -> -2634073.9 | W82: =W43+W56+W63+W70-W76-W78-W80 -> -4091410 | ... EF82: =EF43+EF56+EF63+EF70-EF76-EF78-EF80 -> 0
M84: Cumulative cash flow | P84: =P82+O84 -> -26350000 | Q84: =Q82+P84 -> -26350000 | R84: =R82+Q84 -> -26500475 | S84: =S82+R84 -> -26863545 | T84: =T82+S84 -> -27648219 | U84: =U82+T84 -> -29167253 | V84: =V82+U84 -> -31801327 | W84: =W82+V84 -> -35892737 | ... EF84: =EF82+EE84 -> 87270653
